 Dungeon Crawl Stone Soup version 0.28-a0-1152-g9c71ebef14 (webtiles) character file.

Game seed: 12428939478315150857

387 spaghetti the Skirmisher (level 6, -4/48 HPs)
             Began as a Mummy Summoner on Dec 14, 2021.
             Slain by a black bear (6 damage)
             ... on level 7 of the Dungeon.
             The game lasted 00:06:57 (5199 turns).

spaghetti the Skirmisher (Mummy Summoner)           Turns: 5199, Time: 00:06:58

Health: -4/48      AC:  3    Str: 12    XL:     6   Next: 49%
Magic:  9/10       EV: 12    Int: 16    God:
Gold:   189        SH:  0    Dex: 12    Spells: 9/10 levels left

rFire   x . .      SeeInvis +   k - +0 lajatang {staff}
rCold   + . .      Faith    .   (shield currently unavailable)
rNeg    + + +      Spirit   .   a - +1 robe
rPois   ∞          Reflect  .   (no helmet)
rElec   .          Harm     .   (no cloak)
rCorr   .          Rampage  .   (no gloves)
Will    .....                   (no boots)
Stlth   ++........              (no amulet)
HPRegen 0.16/turn               n - ring of see invisible
MPRegen 0.12/turn               (no ring)

@: no status effects
A: cold resistance 1, negative energy resistance 3, torment resistance 2, heat
vulnerability 1, no potions
a: no special abilities


You were on level 7 of the Dungeon.
You visited 1 branch of the dungeon, and saw 7 of its levels.

You collected 189 gold pieces.


Innate Abilities, Weirdness & Mutations

You are immune to poison.
Your flesh is cold resistant. (rC+)
You are immune to negative energy. (rN+++)
You are immune to unholy pain and torment.
You are vulnerable to heat. (rF-)
You do not drink.


   Skills:
 + Level 3.6 Fighting
 + Level 2.3 Staves
 + Level 3.4 Throwing
 - Level 1.5 Dodging
 - Level 1.5 Stealth
 - Level 2.6 Spellcasting
 - Level 3.2 Summonings


You had 9 spell levels left.
You knew the following spells:

 Your Spells              Type           Power      Damage    Failure   Level
a - Summon Small Mammal   Summ           48%        N/A       4%          1

Your spell library contained the following spells:

 Spells                   Type           Power      Damage    Failure   Level
 Call Imp                 Summ           12%        N/A       8%          2
 Call Canine Familiar     Summ           12%        N/A       16%         3
 Static Discharge         Conj/Air       2%         N/A       28%         2
 Summon Guardian Golem    Hex/Summ       7%         N/A       30%         3
 Summon Lightning Spire   Summ/Air       7%         N/A       69%         4
 Dispel Undead            Necr           2%         3d7       88%         4
 Sticky Flame             Conj/Fire      2%         2d3       88%         4
 Beastly Appendage        Tmut           Unusable   N/A       N/A         1
 Wereblood                Tmut           Unusable   N/A       N/A         2
 Spider Form              Tmut/Pois      Unusable   N/A       N/A         3

Inventory:

Hand Weapons
 d - a +0 hunting sling {sling}
   (You found it on level 1 of the Dungeon)
 e - a +0 club {mace}
   (You took it off a kobold on level 1 of the Dungeon)
 g - a +0 club {mace}
   (You took it off a goblin on level 1 of the Dungeon)
 h - a +0 vorpal quarterstaff {staff}
   (You found it on level 1 of the Dungeon)
 k - a +0 lajatang (weapon) {staff}
   (You found it on level 2 of the Dungeon)
Missiles
 b - 2 silver javelins {throwing}
 c - 11 poisoned darts {throwing}
 f - 140 stones (quivered) {throwing}
 i - 48 sling bullets
 j - 13 bolts
 m - 13 arrows
 p - 2 datura-tipped darts {throwing}
Armour
 a - a +1 robe (worn)
Jewellery
 n - a ring of see invisible (left hand)
   (You found it on level 3 of the Dungeon)
 q - a ring of willpower
   (You found it on level 6 of the Dungeon)
Scrolls
 l - 4 scrolls of magic mapping {!r}
 o - a scroll of vulnerability {!r!r}

Dungeon Overview and Level Annotations

Branches:
Dungeon (7/15)
 Temple: D:4-7

Altars:
Okawaru

Shops:
D:2 =   D:3 [   D:5 (

Annotations:
D:3 3 runed translucent doors, Adrian566's ghost, amateur DsFi; sauken's ghost, weakling DsCA; spaghetti's ghost, weakling DjDe; ytrimaz's ghost, amateur FoFi

.......#
......# .
...... .. ....#
#.# .... #...
..#
#....#.#######
#.....@.......
#.....hZ......
#.............
#....b..b.....
#.............
...............
..####.........
.. #.........


You could see a black bear (berserk, ally target), a centaur zombie and 2
friendly bats.


Message History

Found a stone staircase leading down.
p - 2 datura-tipped darts {throwing}
q - a ring of willpower A bullfrog skeleton comes into view.
Found a stone staircase leading down.
f - 140 stones {throwing} (gained 11)
There is a stone staircase leading down here.
The bullfrog skeleton closely misses you.
You climb downwards.
There is a stone staircase leading up here.
Unknown command.
Unknown command.
Unknown command.
Casting: Summon Small Mammal (safe; 4% risk of failure)
Confirm with . or Enter, or press ? or * to list all spells.
😎 MP[-1]
You lost 1 mp, and now have 9/10 mp.
Casting: Summon Small Mammal (safe; 4% risk of failure)
Confirm with . or Enter, or press ? or * to list all spells.
Your bat hits the black bear but does no damage.
The black bear growls angrily. 😎 MP[-1]
You lost 1 mp, and now have 8/10 mp.
Your bat hits the black bear but does no damage.
Your bat hits the black bear.
Your bat barely misses the black bear.
The black bear bites your bat. The black bear misses your bat.
The black bear closely misses your bat.
Your bat closely misses the black bear.
Your bat closely misses the black bear.
Your bat hits the black bear but does no damage.
Your bat hits the centaur zombie. You hit the black bear.
Your bat hits the black bear but does no damage.
Your bat barely misses the black bear.
Your bat hits the black bear. The black bear bites you.
The black bear claws you. x2
The centaur zombie hits you. The centaur zombie kicks you. 😮 HP[-13]
You take 13 damage, and now have 35/48 hp.
MASSIVE DAMAGE!! (PAUSE) Unknown command.
Unknown command.
You slash the black bear!
Your bat hits the black bear but does no damage.
Your bat closely misses the black bear.
The centaur zombie hits you.
The centaur zombie kicks you but does no damage.
The black bear barely misses you. The black bear claws you. x2 😮 HP[-10]
You take 10 damage, and now have 25/48 hp.
MASSIVE DAMAGE!! (PAUSE) Unknown command.
Unknown command.
Unknown command.
You slash the black bear!
Your bat hits the black bear but does no damage.
Your bat closely misses the black bear.
The centaur zombie hits you.
* * * LOW HITPOINT WARNING * * *
The centaur zombie kicks you.
* * * LOW HITPOINT WARNING * * *
The black bear bites you.
* * * LOW HITPOINT WARNING * * *
The black bear claws you but does no damage.
The black bear claws you.
* * * LOW HITPOINT WARNING * * *
The centaur zombie hits you.
* * * LOW HITPOINT WARNING * * *
The centaur zombie closely misses you.
Your bat hits the black bear.
Your bat hits the black bear but does no damage. 😱 HP[-15] MP[+1]
You take 15 damage, and now have 10/48 hp.
MASSIVE DAMAGE!! (PAUSE) Unknown command.
Unknown command.
Unknown command.
You closely miss the black bear.
Your bat hits the black bear but does no damage. x2
The black bear bites you but does no damage.
The black bear claws you.
* * * LOW HITPOINT WARNING * * *
The black bear closely misses you.
The centaur zombie hits you but does no damage.
The centaur zombie misses you.
The black bear goes berserk!
Your bat hits the black bear but does no damage.
The centaur zombie closely misses you.
The centaur zombie kicks you but does no damage. 😱 HP[-1]
You take 1 damage, and now have 9/48 hp.
Unknown command.
Unknown command.
You barely miss the black bear. Your bat hits the black bear.
Your bat hits the black bear but does no damage. x2
The black bear bites you.
* * * LOW HITPOINT WARNING * * *
The black bear claws you.
* * * LOW HITPOINT WARNING * * *
The black bear claws you.
* * * LOW HITPOINT WARNING * * *
The centaur zombie closely misses you. The centaur zombie kicks you.
* * * LOW HITPOINT WARNING * * *
The black bear bites you.
You die...

Skill      XL: |  1  2  3  4  5 |
---------------+----------------+-----
Throwing       | 1 2 3 |  3.4
Fighting       | 1 2 3 |  3.6
Staves         | 1 2 |  2.3
Dodging        | |  1.5
Stealth        | |  1.5
Spellcasting   | |  2.6
Summonings     | |  3.2

Action                   |  1- 3 |  4- 6 || total
-------------------------+-------+-------++-------
Melee: Unarmed           |    15 |       ||    15
       Quarterstaff      |    92 |       ||    92
       Lajatang          |    20 |    99 ||   119
Throw: Stone             |     8 |     1 ||     9
 Cast: Summon Small Mamm |    26 |    25 ||    51
  Use: Scroll            |     3 |     4 ||     7
 Stab: Sleeping          |     1 |     3 ||     4
Armor: Robe              |    28 |    46 ||    74
Dodge: Dodged            |   111 |   126 ||   237

Levels and vault maps discovered:
D:1:      dpeg_arrival_windows_large_door, layout_basic
D:2:      layout_basic, shapermc_ecumenical_altar_mp_ritualfount,
          kennysheep_cross_bottleneck, palyth_stone_intersect,
          nicolae_shop_unique_rings, minmay_tetromino_o4
D:3:      minmay_bubble_buster, layout_basic, serial_shops, shop,
          gammafunk_ghost_cemetery
D:4:      layout_layer_cave, mainiacjoe_overflow_paths, okawaru_gym_becter,
          minmay_temple_entry_hall, nrook_mini_vaults
D:5:      layout_rooms, mainiacjoe_overflow_large_starburst,
          kennysheep_little_box, serial_shops, shop, grunt_ministairs_9,
          minmay_misc_feat_four_crosses, minmay_misc_feat_nine_boxes
D:6:      nicolae_BIG_FREAKIN_CUBE, layout_basic
D:7:      layout_rooms, st_stairs_14

Notes
Turn   | Place    | Note
-------+----------+-------------------------------------------
     0 | D:1      | spaghetti the Mummy Summoner began the quest for the Orb.
     0 | D:1      | Reached XP level 1. HP: 13/13 MP: 4/4
     0 | D:1      | magus.rc [v1.9.6]
   287 | D:1      | Reached skill level 1 in Throwing
   625 | D:1      | Reached XP level 2. HP: 19/19 MP: 2/5
  1055 | D:1      | Reached skill level 1 in Fighting
  1271 | D:2      | Reached XP level 3. HP: 17/26 MP: 5/7
  1384 | D:2      | You pick up a book of Changes and begin reading...
  1677 | D:2      | Reached skill level 2 in Throwing
  1827 | D:2      | Found a faded altar of an unknown god.
  2040 | D:2      | Found Veor's One-of-a-Kind Rings.
  2125 | D:2      | Reached skill level 2 in Fighting
  2128 | D:2      | You pick up a book of Touch and begin reading...
  2128 | D:2      | You add the spells Static Discharge, Sticky Flame and
                  | Dispel Undead to your library.
  2605 | D:3      | Reached XP level 4. HP: 20/33 MP: 8/8
  2826 | D:3      | Found Plog's Antique Armour Boutique.
  2891 | D:3      | Noticed a water moccasin
  2907 | D:3      | Killed a water moccasin
  2908 | D:3      | Reached skill level 1 in Staves
  2908 | D:3      | Reached XP level 5. HP: 20/40 MP: 7/9
  3084 | D:3      | Reached skill level 3 in Fighting
  3403 | D:3      | Found a runed translucent gate.
  3403 | D:3      | Found a runed translucent gate.
  3403 | D:3      | Found a runed translucent gate.
  3408 | D:3      | Noticed spaghetti's ghost (weakling DjDe)
  3410 | D:3      | Noticed Adrian566's ghost (amateur DsFi)
  3410 | D:3      | Noticed ytrimaz's ghost (amateur FoFi)
  3410 | D:3      | Noticed sauken's ghost (weakling DsCA)
  3740 | D:3      | Reached skill level 3 in Throwing
  3754 | D:3      | HP: 10/41 [adder (4)]
  4370 | D:4      | Found an iron altar of Okawaru.
  4429 | D:5      | Entered Level 5 of the Dungeon
  4552 | D:6      | Noticed a sky beast
  4561 | D:5      | Noticed an ice beast
  4562 | D:5      | Found Puho's Weapon Boutique.
  4668 | D:6      | Noticed a black bear
  4677 | D:6      | Killed a black bear
  4678 | D:6      | Reached skill level 2 in Staves
  4678 | D:6      | Reached XP level 6. HP: 47/47 MP: 7/10
  5197 | D:7      | HP: 11/48 [black bear (4)]
  5199 | D:7      | HP: 5/48 [black bear (2)]
  5199 | D:7      | HP: 2/48 [centaur zombie (1)]
  5199 | D:7      | Slain by a black bear

Vanquished Creatures
  A water moccasin (D:3)
  A black bear (D:6)
  2 iguanas (D:6)
  4 adders
  A worm (D:3)
  A dart slug (D:1)
  2 orcs (D:3)
  4 endoplasms
  6 giant cockroaches
  2 goblins
  3 hobgoblins (D:2)
  A quokka (D:2)
  6 ball pythons
  8 bats
  5 frilled lizards
  5 kobolds
  5 rats
57 creatures vanquished.

Vanquished Creatures (collateral kills)
  A jelly (D:3)
  An ufetubus (D:6)
  A dart slug (D:1)
  An endoplasm (D:2)
  A giant cockroach (D:3)
  A hobgoblin (D:1)
  3 kobolds (D:1)
  A quokka (D:1)
  2 ball pythons
  A bat (D:1)
  A frilled lizard (D:2)
  A goblin (D:1)
  2 rats (D:1)
17 creatures vanquished.

Grand Total: 74 creatures vanquished

Table legend:
 A = Non-vault XP
 B = Vault XP
 C = Vault XP percentage of total XP
 D = Non-vault monster count
 E = Vault monster count
 F = Vault count percentage of total count
                 A         B        C        D         E       F
            +---------+---------+-------+---------+---------+-------
      Total |     508 |      46 |   8.3 |      57 |      17 |  23.0
            +---------+---------+-------+---------+---------+-------
        D:1 |      34 |       0 |   0.0 |      22 |       0 |   0.0
        D:2 |      53 |       5 |   8.6 |      18 |       3 |  14.3
        D:3 |     217 |      41 |  15.9 |      13 |      14 |  51.9
        D:6 |     204 |       0 |   0.0 |       4 |       0 |   0.0
            +---------+---------+-------+---------+---------+-------

Illustrated notes

Table legend:
 A = Kills in this place as a percentage of kills in entire the game.
 B = Kills by you in this place as a percentage of kills by you in the entire game.
 C = Kills by friends in this place as a percentage of kills by friends in the entire game.
 D = Other kills in this place as a percentage of other kills in the entire game.
 E = Experience gained in this place as a percentage of experience gained in the entire game.
 F = Experience gained in this place divided by the number of levels of this place that you have seen.
                   A       B       C       D       E      F
               +-------+-------+-------+-------+-------+----------------------
         Total | 100.0 | 100.0 | 100.0 |   N/A | 100.0 |  79.1
       Dungeon | 100.0 | 100.0 | 100.0 |   N/A | 100.0 |  79.1
               +-------+-------+-------+-------+-------+----------------------

Table legend: (Time is in decaauts)
 A = Elapsed time spent in this place.
 B = Non-inter-level travel time spent in this place.
 C = Inter-level travel time spent in this place.
 D = Time resting spent in this place.
 E = Time spent auto-exploring this place.
 F = Levels seen in this place.
 G = Mean time per level.
                   A        B        C        D        E       F      G
               +--------+--------+--------+--------+--------+-----+--------+
         Total |   5264 |   5201 |     63 |   1578 |   2915 |   7 |  752.0 |
       Dungeon |   5264 |   5201 |     63 |   1578 |   2915 |   7 |  752.0 |
               +--------+--------+--------+--------+--------+-----+--------+

Top non-repeatable levels by time:
     D:3: 1773 daAuts
     D:2: 1405 daAuts
     D:1: 1202 daAuts
     D:6: 639 daAuts
     D:5: 126 daAuts
     D:4: 106 daAuts
     D:7: 10 daAuts
